 Dungeon Crawl Stone Soup version 0.26-a0-969-g2c58977ddd (webtiles) character file.

Game seed: 12812916132976445341

2126 Jerej03 the Cudgeller (level 8, -3/67 HPs)
             Began as a Demigod Fighter on Dec 4, 2020.
             Slain by a killer bee (5 damage)
             ... on level 8 of the Dungeon.
             The game lasted 00:34:22 (8832 turns).

Jerej03 the Cudgeller (Demigod Fighter)             Turns: 8832, Time: 00:34:22

Health: -3/67      AC: 24    Str: 23    XL:     8   Next: 82%
Magic:  10/10      EV:  5    Int: 21    God:
Gold:   75         SH: 12    Dex: 17    Spells: 7/7 levels left

rFire    + . .     SeeInvis .   w - +10 flail of Gympoil {protect, rF+ Str+2}
rCold    . . .     Faith    .   c - +1 kite shield
rNeg     . . .     Spirit   .   i - +0 plate armour
rPois    +         Reflect  .   (no helmet)
rElec    .         Harm     .   v - +0 cloak "Kisaem" {Int+7}
rCorr    +         Rampage  .   (no gloves)
MR       .....                  g - +0 pair of boots
Stlth    ..........             (no amulet)
HPRegen  0.21/turn              h - ring of resist corrosion
MPRegen  0.12/turn              o - ring of poison resistance

@: protection aura
A: icy blue scales 1, clever 1, high mp 1
a: no special abilities


You were on level 8 of the Dungeon.
You visited 2 branches of the dungeon, and saw 9 of its levels.

You collected 435 gold pieces.
You spent 360 gold pieces at shops.

Inventory:

Hand Weapons
 w - the +10 flail of Gympoil (weapon) {protect, rF+ Str+2}
   (You found it on level 6 of the Dungeon)

   It grants its wielder temporary protection when it strikes (+7 to AC).
   It affects your strength (+2).
   It protects you from fire.
Missiles
 t - 55 poisoned darts (quivered)
 x - 6 atropa-tipped darts
Armour
 c - a +1 kite shield (worn)
 g - a +0 pair of boots (worn)
 i - a +0 plate armour (worn)
 v - the +0 cloak "Kisaem" (worn) {Int+7}
   (You found it on level 4 of the Dungeon)

   It affects your intelligence (+7).
 y - a +4 plate armour of ponderousness
Magical Staves
 B - an uncursed staff of poison
Jewellery
 h - a ring of resist corrosion (left hand)
 o - a ring of poison resistance (right hand)
 A - an uncursed ring of magical power
Wands
 f - a wand of polymorph (10)
 s - a wand of paralysis (9)
 u - a wand of acid (6)
Scrolls
 b - a scroll of vulnerability {unknown}
 e - 2 scrolls of enchant armour
 j - 7 scrolls of identify
 k - a scroll of remove curse
 p - 3 scrolls of immolation
 q - 4 scrolls of amnesia
 r - 7 scrolls of teleportation
 C - a scroll of enchant weapon {unknown}
 D - a scroll of fear {unknown}
Potions
 a - a potion of cancellation {unknown}
 d - a potion of curing
 l - 3 potions of resistance {unknown}
 m - a potion of might
 n - a potion of flight {unknown}
 z - a potion of attraction {unknown}


   Skills:
 + Level 4.3 Fighting
 * Level 7.4 Maces & Flails
 + Level 2.0 Throwing
 + Level 5.8 Armour
 + Level 1.6 Dodging
 + Level 0.9 Stealth
 + Level 5.0 Shields


You had 7 spell levels left.
You didn't know any spells.
Your spell library was empty.

Dungeon Overview and Level Annotations

Branches:
Dungeon (8/15)             Temple (1/1) D:5
   Lair: D:8-11

Shops:
D:8 [*


Innate Abilities, Weirdness & Mutations

You have an increased reservoir of magic. (+10% MP)
You are partially covered in icy blue scales. (AC +2)
Your mind is acute. (Int +2)


Message History

You miss the killer bee.
The killer bee is severely wounded.
You block the killer bee's attack. The killer bee stings you.
* * * LOW HITPOINT WARNING * * *
The killer bee stings you but does no damage.
The killer bee stings you.
* * * LOW HITPOINT WARNING * * *
The killer bee stings you but does no damage.
The killer bee stings you.
* * * LOW HITPOINT WARNING * * *
You block the killer bee's attack.
The killer bee stings you but does no damage. x2
The killer bee stings you.
* * * LOW HITPOINT WARNING * * *
The killer bee stings you but does no damage.
You block the killer bee's attack.
You sock the killer bee!
You kill the killer bee!
The killer bee stings you.
You die...

...#.# #..# #
#...# ##.###
..##..# #..<.# #
..##..##.†..# ..
#...........#
..##.#........#
....##)......#
.## #..##y.....#
.... #.)@y)....#
#....##yyy)#####
........o..#
#....##....#
.... #.....# .##
#./##..# ....#
...# ..##. ...#
.. .. ....#


You could see 5 killer bees and an orc.

Vanquished Creatures
  2 orc warriors
  2 black bears (D:7)
  A phantom (D:4)
  A sky beast (D:3)
  A necrophage (D:8)
  A centaur (D:6)
  A big kobold (D:8)
  2 bullfrogs
  4 scorpions
  4 killer bees (D:8)
  A hound (D:4)
  A jelly (D:6)
  3 orc priests
  5 orc wizards
  3 bullfrog skeletons
  2 iguanas
  5 worker ants
  A killer bee zombie (D:7)
  A hound zombie (D:7)
  A worker ant zombie (D:7)
  9 adders
  4 gnolls (D:5)
  2 shadow imps (D:6)
  An ooze (D:2)
  An adder skeleton (D:7)
  6 worms
  A dart slug (D:3)
  A leopard gecko (D:7)
  26 orcs
  2 ball pythons
  2 giant cockroaches
  4 goblins
  9 hobgoblins
  7 jackals
  4 quokkas
  10 bats
  2 frilled lizards (D:2)
  16 kobolds
  A quokka zombie (D:2)
  9 rats
159 creatures vanquished.

Vanquished Creatures (others)
  A quokka (D:2)
1 creature vanquished.

Grand Total: 160 creatures vanquished

Notes
Turn   | Place    | Note
-------+----------+-------------------------------------------
     0 | D:1      | Jerej03 the Demigod Fighter began the quest for the Orb.
     0 | D:1      | Reached XP level 1. HP: 18/18 MP: 3/3
   686 | D:1      | Reached XP level 2. HP: 25/25 MP: 4/4
  1387 | D:2      | Reached skill level 2 in Maces & Flails
  1610 | D:2      | Reached XP level 3. HP: 21/31 MP: 5/5
  1988 | D:2      | Found a white marble altar of Elyvilon.
  2046 | D:2      | Noticed an angel
  2047 | D:2      | Found a glowing silver altar of Zin.
  2265 | D:2      | Noticed a scorpion
  2272 | D:2      | Killed a scorpion
  2273 | D:2      | Reached XP level 4. HP: 21/38 MP: 6/6
  2717 | D:3      | Reached skill level 3 in Maces & Flails
  2820 | D:3      | Noticed a sky beast
  2837 | D:3      | Killed a sky beast
  2838 | D:3      | Reached skill level 1 in Dodging
  2838 | D:3      | Reached XP level 5. HP: 16/45 MP: 7/7
  3984 | D:4      | Got a heavily runed cloak
  3995 | D:4      | Identified the cursed +0 cloak "Kisaem" {Int+7} (You found
                  | it on level 4 of the Dungeon)
  4145 | D:4      | Noticed a phantom
  4262 | D:4      | Killed a phantom
  4263 | D:4      | Reached skill level 4 in Maces & Flails
  4263 | D:4      | Reached XP level 6. HP: 28/51 MP: 8/8
  4564 | D:4      | Reached skill level 1 in Throwing
  5121 | D:5      | Entered Level 5 of the Dungeon
  5131 | D:5      | Found a staircase to the Ecumenical Temple.
  5151 | Temple   | Entered the Ecumenical Temple
  5306 | D:5      | Found a bloodstained altar of Trog.
  5372 | D:5      | Reached XP level 7. HP: 37/57 MP: 9/9
  5933 | D:5      | Found a sparkling altar of Nemelex Xobeh.
  5933 | D:5      | Found a basalt altar of Yredelemnul.
  5933 | D:5      | Found a hide-covered altar of Uskayaw.
  5934 | D:5      | Found a hazy altar of Hepliaklqana.
  5935 | D:5      | Found a radiant altar of Vehumet.
  5938 | D:5      | Found a broken altar of Ashenzari.
  6975 | D:6      | Reached skill level 5 in Maces & Flails
  7042 | D:6      | Reached skill level 5 in Armour
  7600 | D:6      | Got a smoking flail
  7601 | D:6      | Identified the +10 flail of Gympoil {protect, rF+ Str+2}
                  | (You found it on level 6 of the Dungeon)
  7856 | D:7      | Reached XP level 8. HP: 66/66 MP: 10/10
  8051 | D:7      | Reached skill level 6 in Maces & Flails
  8652 | D:8      | Reached skill level 7 in Maces & Flails
  8698 | D:8      | Found Vunn's Changing Room.
  8709 | D:8      | Bought 2 potions of mutation for 240 gold pieces
  8709 | D:8      | Bought a potion of mutation for 120 gold pieces
  8709 | D:8      | Gained mutation: Your muscles are strong. (Str +2) [potion
                  | of mutation]
  8709 | D:8      | Gained mutation: You are partially covered in icy blue
                  | scales. (AC +2) [potion of mutation]
  8709 | D:8      | Gained mutation: Your spells are a little harder to cast,
                  | but a little more powerful. [potion of mutation]
  8709 | D:8      | Gained mutation: You possess an exceptional clarity of
                  | mind. [potion of mutation]
  8710 | D:8      | Lost mutation: You possess an exceptional clarity of mind.
                  | [potion of mutation]
  8710 | D:8      | Lost mutation: Your spells are a little harder to cast, but
                  | a little more powerful. [potion of mutation]
  8710 | D:8      | Lost mutation: Your muscles are strong. (Str +2) [potion of
                  | mutation]
  8710 | D:8      | Gained mutation: Potions are less effective at restoring
                  | your health. [potion of mutation]
  8710 | D:8      | Gained mutation: You possess an exceptional clarity of
                  | mind. [potion of mutation]
  8710 | D:8      | Gained mutation: You are surrounded by a mild repulsion
                  | field. (EV +2) [potion of mutation]
  8711 | D:8      | Lost mutation: You are surrounded by a mild repulsion
                  | field. (EV +2) [potion of mutation]
  8711 | D:8      | Lost mutation: Potions are less effective at restoring your
                  | health. [potion of mutation]
  8711 | D:8      | Lost mutation: You possess an exceptional clarity of mind.
                  | [potion of mutation]
  8711 | D:8      | Gained mutation: Your mind is acute. (Int +2) [potion of
                  | mutation]
  8740 | D:8      | Found Molehy's Armour Boutique.
  8825 | D:8      | Reached skill level 5 in Shields
  8831 | D:8      | HP: 2/67 [killer bee (4)]
  8832 | D:8      | Slain by a killer bee

Illustrated notes

Levels and vault maps discovered:
D:1:      giann_wishing_wells, layout_basic, serial_park_tiny_2,
          chequers_hall_statues_y
D:2:      layout_loops_ring, zin_angel, elyvilon_altar_4
D:3:      layout_basic
D:4:      layout_loops_ring
D:5:      wad_lake_hut, layout_loops_ring, minitemple
D:6:      minmay_inner_zag, layout_basic, minmay_strange_pillars
D:7:      layout_loops_ring
D:8:      layout_rooms, serial_shops, kennysheep_mini_moat,
          nicolae_shop_statue_plus, shop_fountains, shop_fountains,
          nicolae_wwwww, nicolae_transmutations_shop
Temple:   jpeg_temple_clearing

Skill      XL: |  1  2  3  4  5  6  7  8 |
---------------+-------------------------+-----
Shields        | 3 4 5 |  5.0
Fighting       | 3 4 |  4.3
Maces & Flails | 2 3 4 5 7 |  7.4
Armour         | 3 4 5 |  5.8
Dodging        | 1 |  1.6
Throwing       | 2 |  2.0
Stealth        | |  0.9

Action                   |  1- 3 |  4- 6 |  7- 9 || total
-------------------------+-------+-------+-------++-------
Melee: Flail             |   149 |   276 |   242 ||   667
Throw: Dart              |       |    32 |       ||    32
  Use: Scroll            |       |     4 |     7 ||    11
       Potion            |       |     3 |    14 ||    17
Armor: Scale mail        |    70 |    93 |    15 ||   178
       Plate armour      |       |       |   188 ||   188
Dodge: Dodged            |    42 |    61 |    72 ||   175
Block: Kite shield       |    89 |   118 |   185 ||   392

Table legend: (Time is in decaauts)
 A = Elapsed time spent in this place.
 B = Non-inter-level travel time spent in this place.
 C = Inter-level travel time spent in this place.
 D = Time resting spent in this place.
 E = Time spent auto-exploring this place.
 F = Levels seen in this place.
 G = Mean time per level.
                   A        B        C        D        E       F      G
               +--------+--------+--------+--------+--------+-----+--------+
         Total |   9062 |   8740 |    322 |    374 |   6666 |   9 | 1006.9 |
       Dungeon |   8948 |   8645 |    303 |    374 |   6574 |   8 | 1118.5 |
        Temple |    114 |     95 |     19 |      0 |     92 |   1 |  114.0 |
               +--------+--------+--------+--------+--------+-----+--------+

Top non-repeatable levels by time:
     D:2: 1584 daAuts
     D:3: 1379 daAuts
     D:6: 1358 daAuts
     D:5: 1294 daAuts
     D:4: 1229 daAuts
     D:1: 1063 daAuts
     D:7: 599 daAuts
     D:8: 439 daAuts
  Temple: 114 daAuts
